 Dungeon Crawl Stone Soup version 0.28.0-53-g5a82cb258f (webtiles) character file.

Game seed: 3427120666283290332

2888 mcbry74 the Basher (level 9, -3/75 HPs)
             Began as a Minotaur Fighter on July 1, 2022.
             Was an Initiate of Okawaru.
             Slain by an orc warrior
             ... wielding a +0 glaive
              (7 damage)
             ... on level 7 of the Dungeon.
             The game lasted 00:19:29 (7305 turns).

mcbry74 the Basher (Minotaur Fighter)               Turns: 7305, Time: 00:19:30

Health: -3/75      AC: 14    Str: 24    XL:     9   Next: 48%
Magic:  8/8        EV:  8    Int:  7    God:    Okawaru [......]
Gold:   291        SH:  5    Dex:  9    Spells: 8/8 levels left

rFire   . . .      SeeInvis .   h - +0 war axe
rCold   . . .      Faith    .   c - +0 buckler
rNeg    + . .      Spirit   .   n - +0 chain mail
rPois   .          Reflect  .   (helmet restricted)
rElec   .          Harm     .   u - +1 cloak
rCorr   .          Rampage  .   i - +0 pair of gloves
Will    +....                   A - +0 pair of boots
Stlth   ..........              (no amulet)
HPRegen 0.22/turn               e - ring of positive energy
MPRegen 0.11/turn               p - ring of willpower

@: no status effects
A: horns 2, retaliatory headbutt
a: Renounce Religion


You were on level 7 of the Dungeon.
You worshipped Okawaru.
Okawaru was noncommittal.
You visited 2 branches of the dungeon, and saw 8 of its levels.

You collected 291 gold pieces.

Inventory:

Hand Weapons
 a - a +1 flail
 b - a +0 flail of draining
 d - a +1 whip of flaming
 h - a +0 war axe (weapon)
 t - a +4 quarterstaff of chaos
Missiles
 m - 8 javelins
 r - 3 boomerangs (quivered)
Armour
 c - a +0 buckler (worn)
 i - a +0 pair of gloves (worn)
 n - a +0 chain mail (worn)
 u - a +1 cloak (worn)
 A - a +0 pair of boots (worn)
Jewellery
 e - a ring of positive energy (left hand)
 p - a ring of willpower (right hand)
 q - a +6 ring of intelligence
 x - a ring of willpower
Scrolls
 g - 4 scrolls of immolation
 o - 2 scrolls of fog
 w - 3 scrolls of amnesia
 y - a scroll of teleportation
Potions
 f - a potion of mutation
 j - 2 potions of invisibility
 k - 5 potions of curing
 l - a potion of berserk rage {unknown}
 s - a potion of resistance {unknown}
 v - a potion of attraction {unknown}
 z - a potion of brilliance {unknown}


   Skills:
 - Level 6.0 Fighting
 * Level 11.5 Maces & Flails
 + Level 5.8 Throwing
 - Level 6.0 Armour
 - Level 6.0 Shields


You had 8 spell levels left.
You didn't know any spells.
Your spell library contained the following spells:

 Spells                   Type           Power      Damage    Failure   Level
 Gell's Gravitas          Tloc           0%         N/A       100%        3
 Teleport Other           Tloc           0%         N/A       100%        3
 Dispersal                Tloc           0%         N/A       100%        6
 Summon Small Mammal      Summ           Unusable   N/A       N/A         1
 Call Canine Familiar     Summ           Unusable   N/A       N/A         3
 Summon Guardian Golem    Hex/Summ       Unusable   N/A       N/A         3

Dungeon Overview and Level Annotations

Branches:
Dungeon (7/15)             Temple (1/1) D:7

Altars:
Ashenzari
Cheibriados
Dithmenos
Elyvilon
Fedhas
Gozag
Hepliaklqana
Kikubaaqudgha
Makhleb
Nemelex Xobeh
Okawaru
Qazlal
Ru
Sif Muna
Trog
Uskayaw
Vehumet
Wu Jian
Xom
Yredelemnul
Zin
The Shining One

Shops:
D:1 *[   D:2 !   D:3 [   D:6 *


Innate Abilities, Weirdness & Mutations

You have a pair of horns on your head.
You reflexively headbutt those who attack you in melee.


Message History

The orc hits you but does no damage.
The orc wizard gestures at you while chanting.
The puff of flame misses you.
The orc warrior hits you but does no damage.
The orc priest hits you but does no damage.
You block the orc's attack.
The orc wizard points at you and mumbles some strange words.
The magic dart hits you!
The orc priest hits you but does no damage.
There is an open door here.
You slash the orc priest!
You kill the orc priest!
Okawaru accepts your kill. The orc hits you but does no damage.
You block the orc warrior's attack. The orc hits you but does no damage.
You slash the orc wizard!
You kill the orc wizard!
Okawaru accepts your kill.
The orc warrior hits you from afar with a +0 glaive!
* * * LOW HITPOINT WARNING * * *
Okay, then.
You feel better.
The orc warrior hits you from afar with a +0 glaive.
* * * LOW HITPOINT WARNING * * *
Okay, then.
The orc warrior hits you but does no damage.
You block the orc's attack.
You hit the orc warrior but do no damage.
You slash the orc!
You kill the orc!
Okawaru accepts your kill.
The orc warrior hits you but does no damage.
You hit the orc warrior but do no damage.
The orc warrior hits you with a +0 glaive.
* * * LOW HITPOINT WARNING * * *
The orc warrior hits you with a +0 glaive!
* * * LOW HITPOINT WARNING * * *
You closely miss the orc warrior. Your headbutt misses the orc warrior.
The orc warrior hits you with a +0 glaive!
You die...

..
......................#
#.
...###)###...........#
#.)...#...........#
#...).#...........#
.....>..#....)......#
...##.....#...........#
.. #.....#...........#
. ......#.)o........#
##.....#..@........#
#.....#...........#
#...........#
#...........#
#...........#
#...........#
#...........#
#...........#
#############


You could see an orc warrior.

Vanquished Creatures
  Pikel (D:4)
  Edmund (D:3)
  A water moccasin (D:7)
  Duvessa (D:6)
  2 black bears
  2 ogres
  3 necrophages
  3 scorpions
  Dowan (D:6)
  5 wights (D:6)
  3 bullfrog zombies
  2 centaur zombies (D:7)
  2 jellies
  5 orc priests
  A hound (D:5)
  Crazy Yiuf (D:4)
  4 iguanas
  An orc wizard (D:7)
  2 killer bee zombies (D:7)
  2 howler monkey zombies
  A howler monkey skeleton (D:4)
  4 adders
  2 shadow imps
  3 white imps
  An ufetubus (D:6)
  An adder skeleton (D:4)
  A worm (D:4)
  3 dart slugs
  19 orcs
  4 ball pythons
  An endoplasm (D:2)
  5 giant cockroaches (D:1)
  2 hobgoblins (D:4)
  2 kobolds
  4 quokkas
  3 bats
  A frilled lizard (D:3)
  4 goblins
  4 rats
108 creatures vanquished.

Vanquished Creatures (collateral kills)
  An adder (D:3)
  A ball python (D:3)
  A kobold (D:3)
3 creatures vanquished.

Grand Total: 111 creatures vanquished

Notes
Turn   | Place    | Note
-------+----------+-------------------------------------------
     0 | D:1      | mcbry74 the Minotaur Fighter began the quest for the Orb.
     0 | D:1      | Reached XP level 1. HP: 19/19 MP: 0/0
    99 | D:1      | Found Abrotoem's Antique Armour Shoppe.
   160 | D:1      | Reached XP level 2. HP: 27/27 MP: 1/1
   163 | D:1      | Found Ebiotsew's Assorted Antiques.
   612 | D:2      | Found Ityen's Distillery.
   872 | D:2      | Found a faded altar of an unknown god.
  1049 | D:3      | Reached skill level 3 in Maces & Flails
  1049 | D:3      | Reached XP level 3. HP: 31/33 MP: 2/2
  1750 | D:3      | Reached XP level 4. HP: 41/41 MP: 3/3
  1762 | D:3      | Found Epipt's Antique Armour Boutique.
  1952 | D:4      | Noticed a lemure
  1956 | D:4      | Noticed a lemure
  1956 | D:4      | Noticed a lemure
  1956 | D:4      | Noticed a lemure
  1959 | D:4      | Noticed Pikel
  1965 | D:4      | Killed Pikel
  1966 | D:4      | Reached skill level 5 in Fighting
  1966 | D:4      | Reached skill level 5 in Maces & Flails
  1966 | D:4      | Reached skill level 5 in Armour
  1966 | D:4      | Reached skill level 5 in Shields
  1966 | D:4      | Reached XP level 5. HP: 18/50 MP: 4/4
  1966 | D:4      | Reached XP level 6. HP: 21/57 MP: 5/5
  1966 | D:4      | Reached XP level 7. HP: 23/62 MP: 6/6
  2193 | D:4      | Noticed Edmund
  2690 | D:4      | Found a white marble altar of Elyvilon.
  3017 | D:4      | Found a runed translucent door.
  3018 | D:4      | Noticed Crazy Yiuf
  3176 | D:4      | Reached skill level 6 in Maces & Flails
  3176 | D:4      | Reached skill level 1 in Throwing
  3318 | D:4      | Killed Crazy Yiuf
  4042 | D:3      | Killed Edmund
  4154 | D:5      | Entered Level 5 of the Dungeon
  4247 | D:5      | Reached skill level 7 in Maces & Flails
  4247 | D:5      | Reached XP level 8. HP: 56/70 MP: 7/7
  4327 | D:5      | Found a stormy altar of Qazlal.
  4627 | D:5      | Reached skill level 8 in Maces & Flails
  5047 | D:6      | Found a radiant altar of Vehumet.
  5152 | D:6      | Reached skill level 9 in Maces & Flails
  5520 | D:6      | Found a glowing silver altar of Zin.
  5715 | D:6      | Found Anuag's General Store.
  5758 | D:6      | Noticed Dowan
  5769 | D:6      | Reached skill level 10 in Maces & Flails
  5769 | D:6      | Reached XP level 9. HP: 72/75 MP: 8/8
  5776 | D:6      | Killed Dowan
  5783 | D:6      | Noticed Duvessa
  5926 | D:6      | Killed Duvessa
  6333 | D:6      | Found a bloodstained altar of Trog.
  6429 | D:6      | Found a sacrificial altar of Ru.
  6556 | D:7      | Reached skill level 5 in Throwing
  6762 | D:7      | Found a staircase to the Ecumenical Temple.
  6785 | D:7      | Reached skill level 11 in Maces & Flails
  6790 | Temple   | Entered the Ecumenical Temple
  7006 | Temple   | Became a worshipper of Warmaster Okawaru
  7305 | D:7      | Slain by an orc warrior

Illustrated notes

Levels and vault maps discovered:
D:1:      lightli_arrival_windingriver, layout_loops_ring, serial_shops, shop,
          nicolae_square_shop
D:2:      layout_rooms, serial_shops, nicolae_shop_statue_plus,
          ebering_ecumenical_altar_petrified, grunt_ministairs_15,
          small_statue_intersection, small_statue_intersection
D:3:      layout_loops_corners, serial_shops, nicolae_shop_behind_doors,
          st_stairs_2
D:4:      layout_basic, kennysheep_mini, uniq_edmund, uniq_crazy_yiuf_cottage,
          uniq_pikel
D:5:      layout_rooms, nicolae_overflow_crystal_walls, grunt_ministairs_11
D:6:      layout_loops_ring, mainiacjoe_overflow_alcove_1, kennysheep_mini_moat,
          kennysheep_little_box, nicolae_overflow_hidden_temple, serial_shops,
          nicolae_take_the_stairs, uniq_duvessa
D:7:      layout_gridville, minmay_temple_entry_overgrown,
          kennysheep_generic_room_7
Temple:   regret_index_temple_sphere_string

Skill      XL: |  1  2  3  4  5  6  7  8  9 |
---------------+----------------------------+-----
Shields        | 4 5 6 |  6.0
Fighting       | 4 5 6 |  6.0
Armour         | 4 5 6 |  6.0
Maces & Flails | 3 5 7 10 11 | 11.5
Throwing       | 2 4 5 |  5.8

Action                   |  1- 3 |  4- 6 |  7- 9 || total
-------------------------+-------+-------+-------++-------
Melee: Flail             |    57 |     4 |   209 ||   270
       Headbutt          |     5 |     2 |    61 ||    68
       Whip              |       |       |    58 ||    58
       War axe           |       |       |    20 ||    20
Throw: Boomerang         |       |       |    14 ||    14
  Use: Scroll            |     5 |     1 |     5 ||    11
       Potion            |       |     1 |     1 ||     2
Armor: Scale mail        |    20 |       |       ||    20
       Chain mail        |     3 |     3 |   136 ||   142
Dodge: Dodged            |    21 |     5 |    94 ||   120
Block: Buckler           |    15 |       |    63 ||    78
